Unix NetHack Version 5.0.0-0 post-release - last build Jun 10 2026 00:39:30 (3ee93aec679c4c4259841fe613dc97188e26a321,branch:main).

Game began 2026-06-19 12:40:03, ended 2026-06-19 12:48:31.

GdeVolpiano, neutral female human Archeologist

                                                ------       --------
             ----------                         |....-#######.......|
 -------     |........|                         |...*|       |......|
 |[[[m@-#####-........|                        #-...(|       |.<....|
 |[[[[@|     |........|                        #|..{.|       |......|
 |[[[[.|     |........|                        #|....|       ---+----
 |[[[).|     |........|                        #------
 -------     |........|                        ###
             ----|-----                          ##
    ####         #                       #        #
       0#########0##########################     ###
                                          #---+---#
                                          #|..>..|#
                                          #|......#
                                          #-.....|
                                           -------

GdeVolpiano the Field Worker  St:13 Dx:9 Co:14 In:17 Wi:16 Ch:7  Neutral
Dlvl:3  $:35 HP:0(23) Pw:14(14) AC:9  Xp:3 T:1125 

Latest messages:
 You miss the small mimic.
 You miss the small mimic.
 You lash the small mimic.
 You miss the small mimic.
 You miss the small mimic.
 The small mimic hits!
 You miss the small mimic.
 You miss the small mimic.
 You lash the small mimic.
 You lash the small mimic.
 You lash the small mimic.
 You miss the small mimic.
 The small mimic hits!
 You miss the small mimic.
 You miss the small mimic.
 The small mimic hits!
 You lash the small mimic.
 What do you want to drink? [rtuv or ?*]
 You feel better.
 You lash the small mimic.
 You lash the small mimic.
 You miss the small mimic.
 You lash the small mimic.
 You lash the small mimic.
 You miss the small mimic.
 Indy misses it.
 Indy bites it.
 You lash the small mimic.
 Indy eats a newt corpse.
 You miss the small mimic.
 You lash the small mimic.
 You lash the small mimic.
 You miss the small mimic.
 You lash the small mimic.
 You miss the small mimic.
 You lash the small mimic.
 You miss the small mimic.
 You miss the small mimic.
 You miss the small mimic.
 The small mimic hits!
 You lash the small mimic.
 You miss the small mimic.
 The small mimic hits!
 You lash the small mimic.
 You miss the small mimic.
 You miss the small mimic.
 The small mimic hits!
 You die...
 Tefenni gratefully inherits all your possessions.
 Do you want to see what you had when you died? [ynq] (y)

Inventory:
 Coins    ('$')
  $ - 35 gold pieces
 Weapons  (')')
  s - a blessed +0 orcish dagger
  a - a +2 bullwhip (weapon in right hand)
 Armor    ('[')
  c - an uncursed +0 fedora (being worn)
  b - an uncursed +0 leather jacket (being worn)
 Comestibles  ('%')
  C - an uncursed cram ration
  d - 4 uncursed food rations
  A - an uncursed fortune cookie
  x - an uncursed pancake
  p - 2 uncursed lichen corpses
 Scrolls  ('?')
  k - an uncursed scroll of destroy armor
  E - a cursed scroll of destroy armor
  l - a cursed scroll of enchant armor
  o - an uncursed scroll of enchant weapon
  D - an uncursed scroll of identify
  w - an uncursed scroll of light
 Spellbooks  ('+')
  m - an uncursed spellbook of create monster
 Potions  ('!')
  v - an uncursed potion of confusion
  r - an uncursed potion of gain ability
  t - an uncursed potion of healing
  u - an uncursed potion of restore ability
 Wands    ('/')
  j - a wand of magic missile (0:6)
 Tools    ('(')
  h - an uncursed sack containing 1 item
  B - an uncursed blindfold
  i - an uncursed oil lamp
  n - an uncursed tallow candle
  f - a tinning kit (0:35)
 Gems/Stones  ('*')
  g - an uncursed touchstone

Contents of the sack:
  a +0 pick-axe

GdeVolpiano the Archeologist's attributes:

Background:
 You were a Field Worker, a level 3 female human Archeologist.
 You were neutral, nominally on a mission for Camaxtli
 who was opposed by Quetzalcoatl (lawful) and Huhetotl (chaotic).
 You were right-handed.
 You were in the Dungeons of Doom, on level 3.
 You entered the dungeon 1125 turns ago.
 You had 42 experience points, 38 more were needed to attain level 4.

Basics:
 You had 0 out of 23 hit points.
 You had all 14 energy points (spell power).
 Your armor class was 9.
 Your wallet contained 35 zorkmids.
 Autopickup was on for '$?!/="+' plus thrown, with exceptions.

Final Characteristics:
 Your strength was 13 (limit:18/100).
 Your dexterity was 9 (limit:18).
 Your constitution was 14 (limit:18).
 Your intelligence was 17 (limit:18).
 Your wisdom was 16 (limit:18).
 Your charisma was 7 (limit:18).

Final Status:
 You weren't hungry.
 You were unencumbered.
 You were wielding a whip.
 You had basic skill with whip.

Final Attributes:
 You were devoutly aligned.
 You had automatic searching.
 You were lucky.
 You are dead.

Miscellaneous:
 You didn't encounter any bones levels.
 Total elapsed playing time was 8 minutes and 27 seconds.

Major events:
 Turn
    1: GdeVolpiano the neutral female human Archeologist entered the dungeon
 1073: attained the rank of Field Worker (level 3)
 1125: killed by a small mimic

Spells:
 Name                 Level Category     Fail Retention
 create monster         2   clerical      73%  76%-100%

Skills:
 Fighting Skills
   bare handed combat [Unskilled]
   two weapon combat  [Unskilled]
   riding             [Unskilled]
 Weapon Skills
   dagger             [Unskilled]
   knife              [Unskilled]
   pick-axe           [Basic]
   short sword        [Unskilled]
   saber              [Unskilled]
   club               [Unskilled]
   quarterstaff       [Unskilled]
   sling              [Unskilled]
   dart               [Unskilled]
   boomerang          [Unskilled]
   whip               [Basic]
   unicorn horn       [Unskilled]
 Spellcasting Skills
   attack spells      [Unskilled]
   healing spells     [Unskilled]
   divination spells  [Unskilled]
   matter spells      [Unskilled]

Voluntary challenges:
 Character rerolling was not enabled.
 You were an atheist.
 You never genocided any monsters.
 You never polymorphed an object.
 You never changed form.
 You used no wishes.
Achievements:
 You entered a shop.
 You attained the rank of Field Worker.

 The Dungeons of Doom: levels 1 to 4
    Level 1:
    Level 2:
       A general store.
    Level 3: <- You were here.
       An armor shop, a fountain.
       Final resting place for
          you, killed by a small mimic.
    Level 4:


Vanquished creatures:
  4 jackals
  4 goblins
  3 sewer rats
  4 grid bugs
  3 lichens
  4 newts
22 creatures vanquished.

No species were genocided or became extinct.

Game over:
                       ----------
                      /          \
                     /    REST    \
                    /      IN      \
                   /     PEACE      \
                  /                  \
                  |   GdeVolpiano    |
                  |      35 Au       |
                  |   killed by a    |
                  |   small mimic    |
                  |                  |
                  |                  |
                  |       2026       |
                 *|     *  *  *      | *
        _________)/\\_//(\/(/\)/\//\/|_)_______

Goodbye GdeVolpiano the Archeologist...

You died in The Dungeons of Doom on dungeon level 3 with 360 points,
and 35 pieces of gold, after 1125 moves.
You were level 3 with a maximum of 23 hit points when you died.

